 Dungeon Crawl Stone Soup version 0.28-a0-1395-g4f6bc678fa (webtiles) character file.

Game seed: 17940901706637109269

23 eustatius the Stinger (level 2, -1/13 HPs)
             Began as a Spriggan Venom Mage on Jan 4, 2022.
             Succumbed to a scorpion's poison
             ... on level 2 of the Dungeon.
             The game lasted 00:05:12 (1042 turns).

eustatius the Stinger (Spriggan Venom Mage)         Turns: 1042, Time: 00:05:12

Health: -1/13      AC:  2    Str:  4    XL:     2   Next: 72%
Magic:  5/7        EV: 17    Int: 16    God:
Gold:   54         SH:  0    Dex: 15    Spells: 6/7 levels left

rFire   . . .      SeeInvis +   i - +0 dagger
rCold   . . .      Faith    .   (no shield)
rNeg    . . .      Spirit   .   a - +0 robe
rPois   .          Reflect  .   (helmet restricted)
rElec   .          Harm     .   (no cloak)
rCorr   .          Rampage  .   (gloves unavailable)
Will    .....                   (boots unavailable)
Stlth   ++........              (no amulet)
HPRegen 0.04/turn               (no ring)
MPRegen 0.10/turn               (no ring)

@: lethally poisoned (-1 -> -14), very quick
A: very small, no large weapons, unfitting armour, see invisible, speed 3
a: no special abilities


You were on level 2 of the Dungeon.
You visited 1 branch of the dungeon, and saw 2 of its levels.

You collected 54 gold pieces.

Inventory:

Hand Weapons
 d - a +0 short sword
 g - a +0 mace
 i - a +0 dagger (weapon)
Missiles
 h - 7 poisoned darts
 k - 15 sling bullets
 l - 25 stones
Armour
 a - a +0 robe (worn)
Jewellery
 e - a ring of ice
Scrolls
 c - a scroll of blinking {unknown}
 j - a scroll of fear {unknown}
 m - a scroll of enchant weapon {unknown}
Potions
 b - a potion of heal wounds {unknown}
 f - a potion of mutation {unknown}


   Skills:
 + Level 2.9 Dodging
 + Level 3.2 Stealth
 + Level 3.2 Spellcasting
 + Level 2.0 Transmutations
 + Level 3.3 Poison Magic


You had 6 spell levels left.
You knew the following spells:

 Your Spells              Type           Power      Damage    Failure   Level
a - Sting                 Tmut/Pois      44%        1d5       6%          1

Your spell library contained the following spells:

 Spells                   Type           Power      Damage    Failure   Level
 Poisonous Vapours        Pois/Air       14%        N/A       14%         2
 Mephitic Cloud           Conj/Pois/Air  6%         N/A       34%         3
 Olgreb's Toxic Radiance  Pois           13%        N/A       43%         4


Dungeon Overview and Level Annotations

Branches:
Dungeon (2/15)

Altars:


Innate Abilities, Weirdness & Mutations

You are very small and have problems with some larger weapons.
You are too small for most types of armour.
You have supernaturally acute eyesight. (SInv)
You cover ground extremely quickly. (Speed+++)


Message History

Casting: Sting (safe; 6% risk of failure)
Confirm with . or Enter, or press ? or * to list all spells.
Aiming: Sting (safe; 6% risk of failure)
Press: ? - help, Shift-Dir - straight line, f/p - jackal
Aim: a jackal (64% to hit)
The sting hits the jackal.
The jackal is poisoned.
The jackal is moderately wounded.
The jackal barely misses you.
You kill the jackal!
You see here a jackal corpse.
Your magical contamination has completely faded away.
Unknown command.
Unknown command.
You start resting.
Magic restored.
There is a stone staircase leading down here.
You climb downwards.
The scorpion misses you. The scorpion stings you.
There is a stone staircase leading up here.
Casting: Sting (safe; 6% risk of failure)
Confirm with . or Enter, or press ? or * to list all spells.
Aiming: Sting (safe; 6% risk of failure)
Press: ? - help, Shift-Dir - straight line, f - scorpion
Aim: a scorpion (71% to hit)
The sting hits the scorpion but does no damage.
The scorpion is poisoned.
The scorpion misses you.
Casting: Sting (safe; 6% risk of failure)
Confirm with . or Enter, or press ? or * to list all spells.
Aiming: Sting (safe; 6% risk of failure)
Press: ? - help, Shift-Dir - straight line, f/p - scorpion
Aim: a scorpion (lightly wounded, poisoned, 71% to hit)
The sting hits the scorpion.
The scorpion looks even sicker.
The scorpion is moderately wounded.
The scorpion closely misses you. The kobold barely misses you.
The scorpion stings you!
Ouch! That really hurt!
* * * LOW HITPOINT WARNING * * *
You are lethally poisoned!
The scorpion poisons you!
You can't go down here!
You die...

#. ###.# ..# #.#
#...###...
#.###..?......
###.##..........
#....)..........
#...............
#.......?.......
#.s...†.........
#@K.............
#...............
########........
####..... ###..
.


You could see a scorpion (very poisoned) and a kobold.

Vanquished Creatures
  A bat (D:2)
  An endoplasm (D:1)
  A giant cockroach (D:1)
  2 goblins (D:1)
  3 jackals
  A quokka (D:2)
  4 ball pythons (D:1)
  2 frilled lizards (D:1)
  3 kobolds (D:1)
  3 rats (D:1)
21 creatures vanquished.

Notes
Turn   | Place    | Note
-------+----------+-------------------------------------------
     0 | D:1      | eustatius the Spriggan Venom Mage began the quest for the
                  | Orb.
     0 | D:1      | Reached XP level 1. HP: 9/9 MP: 5/5
   378 | D:1      | Reached XP level 2. HP: 13/13 MP: 4/7
   945 | D:2      | Noticed a scorpion
  1042 | D:2      | Succumbed to a scorpion's poison

Illustrated notes

Levels and vault maps discovered:
D:1:      minmay_arrival_stair_chambers, layout_basic
D:2:      layout_rooms, shapermc_ecumenical_altar_mp_urbaneastern,
          kennysheep_cluttered_room, uniq_robin

Skill      XL: |  1  2 |
---------------+-------+-----
Spellcasting   | 3 |  3.2
Transmutations | 2 |  2.0
Dodging        | |  2.9
Stealth        | |  3.2
Poison Magic   | |  3.3

Action                   || total
-------------------------++-------
 Cast: Sting             ||    30
Dodge: Dodged            ||    18

Table legend: (Time is in decaauts)
 A = Elapsed time spent in this place.
 B = Non-inter-level travel time spent in this place.
 C = Inter-level travel time spent in this place.
 D = Time resting spent in this place.
 E = Time spent auto-exploring this place.
 F = Levels seen in this place.
 G = Mean time per level.
                   A        B        C        D        E       F      G
               +--------+--------+--------+--------+--------+-----+--------+
         Total |    730 |    715 |     15 |     76 |    301 |   2 |  365.0 |
       Dungeon |    730 |    715 |     15 |     76 |    301 |   2 |  365.0 |
               +--------+--------+--------+--------+--------+-----+--------+

Top non-repeatable levels by time:
     D:1: 710 daAuts
     D:2: 19 daAuts
